cohdb
Replays
Latest Replays
All Replays
Popular Replays
Top Player Replays
Match Explorer
How It Works
Community
CoH3 Stats
Reddit
Sign in to upload your games and track your stats! →
Sign in with Steam
Match 45405772
Unlisted
Match 45405772
Overview
Messages
Build Orders
End
Selects Luftwaffe Battlegroup
Selects Luftwaffe Pioneer Support
Fallschirmpioneer Squad Paradrop
Pioneer Squad
Construct Infanterie Kompanie
Grenadier Squad
MG 42 Machine Gun Team
Construct Panzergrenadier Kompanie
Panzergrenadier Squad
Panzergrenadier Officer Quarters
Selects LG40 Recoilless Gun Paradrop
Medical Station
LG40 Recoilless Gun Paradrop
Panzergrenadier Squad
Panzergrenadier Squad
Construct Panzer Kompanie
Selects Infantry Reserves
Sturmpanzer IV Brummbär
Pak 40 Anti-tank Gun Team
Side Skirts
Selects Stuka Strafing Run
Selects Fallschirmjäger Squad Paradrop
Stuka Strafing Run
Panzer IV Medium Tank
Selects Stuka Loiter
Stuka Loiter
Pioneer Squad
Stuka Strafing Run
Lemon
MasterStef
0
0
Comments
sign in to comment!
No comments posted yet!